 Dungeon Crawl Stone Soup version 0.26.1-2-gb8aa6d0cf2 (webtiles) character file.

Game seed: 12698311181244835277

24 skwiii the Grave Robber (level 2, -3/19 HPs)
             Began as a Demonspawn Necromancer on Feb 23, 2021.
             Killed from afar by Natasha (5 damage)
             ... with a magic dart
             ... on level 1 of the Dungeon.
             The game lasted 00:04:02 (2139 turns).

skwiii the Grave Robber (Demonspawn Necromancer)    Turns: 2139, Time: 00:04:02

Health: -3/19      AC:  4    Str:  8    XL:     2   Next: 79%
Magic:  2/5        EV: 12    Int: 16    God:
Gold:   69         SH:  0    Dex: 13    Spells: 4/6 levels left

rFire    . . .     SeeInvis .   (no weapon)
rCold    . . .     Faith    .   (no shield)
rNeg     . . .     Spirit   .   a - +0 robe
rPois    .         Reflect  .   (no helmet)
rElec    .         Harm     .   (no cloak)
rCorr    .         Rampage  .   (no gloves)
Will     .....                  (no boots)
Stlth    ++........             (no amulet)
HPRegen  0.06/turn              (no ring)
MPRegen  0.09/turn              (no ring)

@: attractive, slowed, very slow
A: molten scales 1
a: no special abilities


You were on level 1 of the Dungeon.
You visited 1 branch of the dungeon, and saw 2 of its levels.

You collected 69 gold pieces.

Inventory:

Hand Weapons
 e - a cursed -3 mace
Armour
 a - a +0 robe (worn)
Scrolls
 b - a scroll of immolation {unknown}
 d - a scroll of remove curse {unknown}
 f - a scroll of identify {unknown}
Potions
 c - a potion of attraction
 g - a potion of haste {unknown}


   Skills:
 - Level 1.7 Dodging
 - Level 1.7 Stealth
 + Level 2.6 Spellcasting
 + Level 4.9 Necromancy


You had 4 spell levels left.
You knew the following spells:

 Your Spells              Type           Power        Failure   Level
a - Pain                  Necr           68%          2%          1
b - Animate Skeleton      Necr           34%          2%          1

Your spell library contained the following spells:

 Spells                   Type           Power        Failure   Level
 Vampiric Draining        Necr           8%           8%          3
 Animate Dead             Necr           8%           26%         4
 Agony                    Necr           17%          56%         5


Dungeon Overview and Level Annotations

Branches:
Dungeon (2/15)

Altars:

Annotations:
D:1 Natasha


Innate Abilities, Weirdness & Mutations

You are partially covered in molten scales. (AC +2)


Message History

Aim: Natasha (chance to affect: 76%) Natasha writhes in agony.
Natasha casts a spell at you. The magic dart hits you!
Aiming: Pain (safe; 2% risk of failure)
Press: ? - help, Q - select action, (/) - cycle Shift-Dir - straight line, f/p - Natasha
Aim: Natasha (moderately wounded, chance to affect: 76%) Natasha writhes in agony.
Natasha claws you.
* * * LOW HITPOINT WARNING * * *
Natasha barely misses you. Natasha closely misses you.
You climb upwards.
There is a stone staircase leading down here.
Okay, then.
It was a potion of attraction.
You feel attractive to monsters.
Natasha stares at you and mumbles some strange words.
The magic dart hits you.
You die...

#.....# #.# #.. #.....# #.#
### #.....# #.#
####.....####.########
#..'.................. #######
#.##.................. #.....#
#.###+#.....#.....####
#.....###.# #.#.).....###.#
#.........###@#......## #.#
#.....#.....#h#.......# #.#
#...(.#.....#.##......# #.#
#.....#.............#.# #.# ##
#.....#.............#.###.###.
##'##.#.............#.........
#..#.'.............#.....###.
#..###.....#......##.......#.
#..##...#.####+##.###....#.#.


You could see Natasha.

Vanquished Creatures
  An adder (D:2)
  A dart slug (D:1)
  2 ball pythons (D:1)
  A goblin (D:1)
  3 hobgoblins (D:1)
  2 jackals
  2 bats (D:1)
12 creatures vanquished.

Notes
Turn   | Place    | Note
-------+----------+-------------------------------------------
     0 | D:1      | skwiii the Demonspawn Necromancer began the quest for the
                  | Orb.
     0 | D:1      | Reached XP level 1. HP: 13/13 MP: 3/3
   625 | D:1      | Learned a level 1 spell: Animate Skeleton
   725 | D:1      | Gained mutation: You are partially covered in molten
                  | scales. (AC +2) [demonic ancestry]
   725 | D:1      | Reached XP level 2. HP: 13/19 MP: 0/5
  1351 | D:2      | Noticed Natasha
  2024 | D:2      | Noticed a crimson imp
  2026 | D:2      | Noticed a crimson imp
  2139 | D:1      | Killed from afar by Natasha

Illustrated notes

Levels and vault maps discovered:
D:1:      psy_arrival_radial02, layout_basic
D:2:      layout_basic, minmay_tall_x, uniq_natasha

Action                   || total
-------------------------++-------
 Cast: Pain              ||    40
       Animate Skeleton  ||     2
  Use: Scroll            ||     2
       Potion            ||     1
Armor: Robe              ||    25
Dodge: Dodged            ||    38
